 Dungeon Crawl Stone Soup version 0.29-a0-584-gb10a8bf730 (webtiles) character file.

Game seed: 1216010706741920227

64 Aapotti the Skirmisher (level 4, 0/41 HPs)
             Began as a Hill Orc Fighter on June 15, 2022.
             Slain by a gnoll
             ... wielding a +0 spear
              (3 damage)
             ... on level 2 of the Dungeon.
             The game lasted 00:05:48 (1178 turns).

Aapotti the Skirmisher (Hill Orc Fighter)           Turns: 1178, Time: 00:05:48

Health: 0/41       AC:  7    Str: 20    XL:     4   Next: 12%
Magic:  4/4        EV: 10    Int:  8    God:
Gold:   83         SH:  4    Dex: 10    Spells: 3/3 levels left

rFire   . . .      SeeInvis .   a - +0 war axe
rCold   + . .      Faith    .   c - +0 buckler
rNeg    . . .      Spirit   .   l - +2 ring mail of Gestures {rC+ rCorr}
rPois   .          Reflect  .   (no helmet)
rElec   .          Harm     .   j - scarf {shadows}
rCorr   +          Rampage  .   (no gloves)
Will    .....                   (no boots)
Stlth   ..........              (no amulet)
HPRegen 0.13/turn               (no ring)
MPRegen 0.09/turn               (no ring)

@: no status effects
A: no striking features
a: no special abilities


You were on level 2 of the Dungeon.
You visited 1 branch of the dungeon, and saw 2 of its levels.

You collected 83 gold pieces.

Inventory:

Hand Weapons
 a - a +0 war axe (weapon)
Missiles
 f - 4 boomerangs (quivered)
Armour
 c - a +0 buckler (worn)
 j - a scarf of shadows (worn)
 l - the +2 ring mail of Gestures (worn) {rC+ rCorr}
   (You found it on level 2 of the Dungeon)

   rC:        It protects you from cold.
   rCorr:     It protects you from acid and corrosion.
Scrolls
 e - 3 scrolls of identify {unknown}
 h - a scroll of fog {unknown}
Potions
 d - 2 potions of might
 g - a potion of haste {unknown}
 i - a potion of curing {unknown}


   Skills:
 + Level 4.3 Fighting
 + Level 3.6 Axes
 + Level 3.8 Armour
 + Level 3.8 Shields


You had 3 spell levels left.
You didn't know any spells.
Your spell library contained the following spells:

 Spells                   Type           Power      Damage    Failure   Level
 Blade Hands              Tmut           0%         N/A       100%        5
 Irradiate                Conj/Tmut      0%         3d13      100%        5
 Dragon Form              Tmut           0%         N/A       100%        7


Dungeon Overview and Level Annotations

Branches:
Dungeon (2/15)

Altars:


Message History

The gnoll barely misses you. The gnoll closely misses you.
You closely miss the gnoll.
The gnoll is severely wounded.
The gnoll closely misses you. x2; The gnoll barely misses you.
You block the gnoll's attack.
You closely miss the gnoll.
The gnoll is severely wounded.
The gnoll barely misses you. The gnoll hits you but does no damage.
You barely miss the gnoll.
The gnoll is severely wounded.
The gnoll hits you from afar with a +0 spear.
The gnoll barely misses you.
You hit the gnoll but do no damage.
The gnoll is severely wounded.
You block the gnoll's attack.
The gnoll hits you from afar with a +0 spear.
The gnoll hits you but does no damage. You block the gnoll's attack.
You closely miss the gnoll.
The gnoll is severely wounded.
The gnoll hits you but does no damage. You block the gnoll's attack.
You barely miss the gnoll.
The gnoll is severely wounded.
The gnoll closely misses you. The gnoll hits you with a +0 flail.
You hit the gnoll.
You kill the gnoll!
The gnoll closely misses you. You block the gnoll's attack.
You have reached level 4!
The gnoll hits you but does no damage.
Things that are here:
a +0 flail; a +0 flail; a gnoll corpse You closely miss the gnoll.
The gnoll hits you with a +0 spear.
* * * LOW HITPOINT WARNING * * *
You closely miss the gnoll. The gnoll hits you with a +0 spear.
* * * LOW HITPOINT WARNING * * *
You slash the gnoll!
The gnoll is severely wounded.
The gnoll hits you with a +0 spear.
* * * LOW HITPOINT WARNING * * *
The gnoll hits you with a +0 spear.
You die...

...#############.####.#
............).......>.#######
......########.#.###..#..)..#
........# #.#.# #..#.###.#
............##.#.# #....# #.#
####........##.#.# #.######.#
#........##...###........#
#........##.####....#.##.#
#........##.g@......#)##.#
####.....[.....####.####.##.#
............... #......##.#
......#'# ... #########.#
........# .. . #.# .....#..#
. .. #.# .....#..# ...
######.)# .... ##..##.....


You could see a gnoll.

Vanquished Creatures
  3 gnolls (D:2)
  An adder (D:2)
  2 endoplasms
  2 giant cockroaches (D:2)
  5 goblins
  4 jackals (D:2)
  2 ball pythons (D:1)
  4 bats
  A frilled lizard (D:1)
  4 rats
28 creatures vanquished.

Notes
Turn   | Place    | Note
-------+----------+-------------------------------------------
     0 | D:1      | Aapotti the Hill Orc Fighter began the quest for the Orb.
     0 | D:1      | Reached XP level 1. HP: 19/19 MP: 1/1
   151 | D:1      | Reached XP level 2. HP: 24/27 MP: 2/2
   520 | D:2      | Reached skill level 4 in Fighting
   732 | D:2      | Reached XP level 3. HP: 29/33 MP: 3/3
  1016 | D:2      | Identified the +0 leather armour of the Nice God {rF+
                  | Int+4}
  1044 | D:2      | Found a faded altar of an unknown god.
  1073 | D:2      | Identified the +2 ring mail of Gestures {rC+ rCorr}
  1175 | D:2      | Reached XP level 4. HP: 15/41 MP: 4/4
  1178 | D:2      | Slain by a gnoll

Illustrated notes

Levels and vault maps discovered:
D:1:      scummos_arrival_simple_crosswalls, layout_rooms, minmay_tiny_reverse_x
D:2:      layout_basic, shapermc_ecumenical_altar_totnotflames

Skill      XL: |  1  2 |
---------------+-------+-----
Axes           | 3 |  3.6
Fighting       | 4 |  4.3
Armour         | |  3.8
Shields        | |  3.8

Action                   |  1- 3 |  4- 6 || total
-------------------------+-------+-------++-------
Melee: War axe           |    88 |     3 ||    91
Armor: Scale mail        |    44 |       ||    44
       Ring mail         |    14 |     1 ||    15
       Leather armour    |     3 |       ||     3
Dodge: Dodged            |    67 |       ||    67
Block: Buckler           |    30 |       ||    30

Table legend: (Time is in decaauts)
 A = Elapsed time spent in this place.
 B = Non-inter-level travel time spent in this place.
 C = Inter-level travel time spent in this place.
 D = Time resting spent in this place.
 E = Time spent auto-exploring this place.
 F = Levels seen in this place.
 G = Mean time per level.
                   A        B        C        D        E       F      G
               +--------+--------+--------+--------+--------+-----+--------+
         Total |   1213 |   1188 |     25 |    321 |     45 |   2 |  606.5 |
       Dungeon |   1213 |   1188 |     25 |    321 |     45 |   2 |  606.5 |
               +--------+--------+--------+--------+--------+-----+--------+

Top non-repeatable levels by time:
     D:1: 766 daAuts
     D:2: 447 daAuts
